[ PARTIDA AOE2 · #506934169 ]
UnrankedWu vs Armenians
Equipo del jugador · DERR
Equipo rival · VICT
[ ANÁLISIS DE REPETICIÓN · EXTRAÍDO DE LA PARTIDA GRABADA ]
Feudal
9:18
Castillos
—
Imperial
—
| APM promedio | 40.9 |
| APM pico | 63 |
| eAPM promedio | 20.9 |
| Aldeanos / militares | 29 / 6 |
Foco
⚔️ 29.7% · 🌾 70.3%
Archer ×3 · Militia ×3
Feudal
10:54
Castillos
—
Imperial
—
| APM promedio | 66.8 |
| APM pico | 99 |
| eAPM promedio | 22.8 |
| Aldeanos / militares | 25 / 4 |
Foco
⚔️ 42.7% · 🌾 57.3%
Militia ×4
Mapa de la partida
Recursos iniciales + cada clic de construcción. Líneas = muros · curvas = relieve. ◆ oro · ⬟ piedra · ● bayas · ✦ reliquia · ◌ hueco del cierre
Tu base· Abierta — hueco de 7t
Base de Macluffy· Abierta — flanco sin cerrar
Terreno inicial suavizado · ◌ = hueco del cierre detectado · pasá el cursor para detalles
Inputs por minuto
— WhiteForest - - Macluffy
Build order — WhiteForest
59 acciones detectadas en el replay
| 0:01 | Encolar | Villager (Male) ×4 |
| 0:02 | Construir | House |
| 0:03 | Construir | House |
| 1:23 | Encolar | Villager (Male) |
| 1:23 | Encolar | Villager (Male) |
| 1:58 | Construir | Lumber Camp |
| 2:02 | Encolar | Villager (Male) |
| 2:24 | Encolar | Villager (Male) |
| 2:25 | Encolar | Villager (Male) |
| 2:48 | Encolar | Villager (Male) |
| 3:02 | Encolar | Villager (Male) |
| 3:24 | Encolar | Villager (Male) |
| 3:34 | Construir | House |
| 3:56 | Encolar | Villager (Male) |
| 3:57 | Encolar | Villager (Male) |
| 3:57 | Encolar | Villager (Male) |
| 4:38 | Encolar | Villager (Male) |
| 4:38 | Encolar | Villager (Male) |
| 4:43 | Construir | Mill |
| 4:54 | Encolar | Villager (Male) |
| 5:17 | Encolar | Villager (Male) |
| 5:51 | Encolar | Villager (Male) |
| 6:05 | Encolar | Villager (Male) |
| 6:16 | Investigar | Loom |
| 6:22 | Construir | Barracks |
| 6:34 | Construir | House |
| 6:36 | Construir | Palisade Wall |
| 6:37 | Construir | Palisade Wall |
| 7:07 | Investigar | Feudal Age |
| 7:36 | Encolar | Militia |
| 7:44 | Construir | Mining Camp |
| 8:02 | Encolar | Militia |
| 8:24 | Encolar | Militia |
| 9:06 | Encolar | Villager (Male) |
| 9:09 | Construir | House |
| 9:11 | Construir | Palisade Wall |
| 9:18 | Edad | Edad Feudal |
| 9:18 | Investigar | Man-at-Arms (upgrade) |
| 9:19 | Investigar | Man-at-Arms (upgrade) |
| 9:27 | Construir | Archery Range |
| 9:36 | Encolar | Villager (Male) |
| 10:11 | Encolar | Villager (Male) |
| 10:17 | Encolar | Archer |
| 10:22 | Construir | Mill |
| 10:30 | Encolar | Villager (Male) |
| 10:39 | Encolar | Archer |
| 10:41 | Construir | House |
| 10:44 | Encolar | Villager (Male) |
| 11:24 | Construir | House |
| 11:25 | Encolar | Villager (Male) |
| 11:26 | Construir | Farm |
| 11:36 | Construir | Palisade Wall |
| 11:50 | Encolar | Archer |
| 11:51 | Encolar | Villager (Male) |
| 11:57 | Construir | Farm |
| 12:08 | Encolar | Villager (Male) |
| 12:10 | Construir | Farm |
| 12:11 | Construir | Farm |
| 12:12 | Construir | Farm |
Build order — Macluffy
65 acciones detectadas en el replay
| 0:01 | Encolar | Villager (Male) |
| 0:02 | Construir | House |
| 0:03 | Construir | House |
| 0:06 | Encolar | Villager (Male) |
| 0:11 | Encolar | Villager (Male) |
| 0:13 | Encolar | Villager (Male) |
| 1:24 | Encolar | Villager (Male) |
| 1:58 | Construir | Mule Cart |
| 1:59 | Encolar | Villager (Male) |
| 1:59 | Encolar | Villager (Male) |
| 2:15 | Encolar | Villager (Male) |
| 2:46 | Encolar | Villager (Male) |
| 2:46 | Encolar | Villager (Male) |
| 3:03 | Encolar | Villager (Male) |
| 3:04 | Encolar | Villager (Male) |
| 3:24 | Construir | House |
| 3:40 | Encolar | Villager (Male) |
| 4:03 | Encolar | Villager (Male) |
| 4:09 | Construir | Barracks |
| 4:25 | Encolar | Villager (Male) |
| 4:36 | Construir | House |
| 4:47 | Encolar | Villager (Male) |
| 5:03 | Encolar | Militia |
| 5:03 | Encolar | Militia |
| 5:13 | Construir | Palisade Wall |
| 5:24 | Encolar | Villager (Male) |
| 5:52 | Encolar | Villager (Male) |
| 6:00 | Construir | Mill |
| 6:05 | Encolar | Militia |
| 6:19 | Encolar | Villager (Male) |
| 6:46 | Encolar | Villager (Male) |
| 6:52 | Construir | Palisade Wall |
| 6:52 | Construir | Palisade Wall |
| 6:54 | Construir | Palisade Wall |
| 6:58 | Construir | House |
| 7:06 | Encolar | Villager (Male) |
| 7:42 | Investigar | Loom |
| 7:57 | Construir | House |
| 8:02 | Encolar | Villager (Male) |
| 8:19 | Construir | Mill |
| 8:32 | Construir | Palisade Wall |
| 8:44 | Investigar | Feudal Age |
| 9:05 | Construir | Mule Cart |
| 9:17 | Construir | Palisade Gate |
| 9:26 | Construir | Palisade Wall |
| 9:27 | Construir | Palisade Wall |
| 9:34 | Construir | Palisade Wall |
| 9:39 | Construir | Palisade Wall |
| 9:41 | Construir | Palisade Wall |
| 9:42 | Construir | Palisade Wall |
| 9:52 | Construir | Palisade Wall |
| 9:53 | Construir | Palisade Wall |
| 9:56 | Construir | Palisade Wall |
| 10:04 | Encolar | Villager (Male) |
| 10:15 | Encolar | Villager (Male) |
| 10:19 | Construir | House |
| 10:21 | Construir | House |
| 10:23 | Encolar | Villager (Male) |
| 10:35 | Encolar | Militia |
| 10:47 | Construir | Farm |
| 10:49 | Construir | Farm |
| 10:54 | Edad | Edad Feudal |
| 11:21 | Investigar | Man-at-Arms (upgrade) |
| 11:30 | Construir | Archery Range |
| 11:51 | Construir | Farm |
Cronología de la partida
| 4:09 | Macluffy · first_building Barracks |
| 5:13 | Macluffy · wall_segment Palisade Wall x7 |
| 6:22 | WhiteForest · first_building Barracks |
| 6:36 | WhiteForest · wall_segment Palisade Wall x6 |
| 6:37 | WhiteForest · wall_segment Palisade Wall x4 |
| 6:52 | Macluffy · wall_segment Palisade Wall x2 |
| 6:52 | Macluffy · wall_segment Palisade Wall x1 |
| 6:54 | Macluffy · wall_segment Palisade Wall x2 |
| 8:32 | Macluffy · wall_segment Palisade Wall x5 |
| 9:11 | WhiteForest · wall_segment Palisade Wall x1 |
| 9:18 | WhiteForest · age_up feudal |
| 9:26 | Macluffy · wall_segment Palisade Wall x1 |
| 9:27 | Macluffy · wall_segment Palisade Wall x1 |
| 9:27 | WhiteForest · first_building Archery Range |
| 9:34 | Macluffy · wall_segment Palisade Wall x3 |
| 9:39 | Macluffy · wall_segment Palisade Wall x1 |
| 9:41 | Macluffy · wall_segment Palisade Wall x1 |
| 9:42 | Macluffy · wall_segment Palisade Wall x1 |
| 9:52 | Macluffy · wall_segment Palisade Wall x1 |
| 9:53 | Macluffy · wall_segment Palisade Wall x1 |
| 9:56 | Macluffy · wall_segment Palisade Wall x1 |
| 10:54 | Macluffy · age_up feudal |
| 11:30 | Macluffy · first_building Archery Range |
| 11:36 | WhiteForest · wall_segment Palisade Wall x3 |
| 12:17 | WhiteForest · resign |
[ ANÁLISIS IA · 1 CRÉDITO ]
¿Qué pasó realmente en esta partida?
Wolo.gg analiza cada decisión: build order, eco, micro, errores típicos por bracket. Análisis personalizado por WhatsApp o Discord en 30 segundos.
Guía civ
Wu
Perfil
Jugador #707749